 Dungeon Crawl Stone Soup version 0.27-a0-1147-gb3d8e82157 (webtiles) character file.

Game seed: 7978822822531288463

152 Shayle the Magician (level 5, -1/37 HPs)
             Began as a Palentonga Necromancer on May 12, 2021.
             Slain by Terence
             ... wielding a +0 flail
              (12 damage)
             ... on level 3 of the Dungeon.
             The game lasted 00:07:31 (2881 turns).

Shayle the Magician (Palentonga Necromancer)        Turns: 2881, Time: 00:07:32

Health: -1/37      AC:  4    Str: 11    XL:     5   Next: 11%
Magic:  10/12      EV:  9    Int: 17    God:
Gold:   137        SH:  0    Dex: 10    Spells: 6/14 levels left

rFire    . . .     SeeInvis +   f - +3 short sword
rCold    . . .     Faith    .   (no shield)
rNeg     . . .     Spirit   .   a - +0 robe
rPois    .         Reflect  .   (no helmet)
rElec    .         Harm     .   (no cloak)
rCorr    .         Rampage  .   (no gloves)
Will     .....                  (no barding)
Stlth    +.........             b - amulet of regeneration
HPRegen  1.12/turn              (no ring)
MPRegen  0.13/turn              (no ring)

@: no status effects
A: large, rugged brown scales 3, see invisible, deformed body, roll 1, armoured
tail
a: Rolling Charge


You were on level 3 of the Dungeon.
You visited 1 branch of the dungeon, and saw 3 of its levels.

You collected 137 gold pieces.

Inventory:

Hand Weapons
 c - a +0 short sword
 f - a +3 short sword (weapon)
Armour
 a - a +0 robe (worn)
Jewellery
 b - an amulet of regeneration (around neck)
 g - an amulet of the acrobat
 m - a +4 ring of protection
Scrolls
 d - a scroll of acquirement {unknown}
 h - a scroll of enchant armour {unknown}
 l - 2 scrolls of teleportation {unknown}
 o - a scroll of enchant weapon {unknown}
Potions
 e - a potion of mutation {unknown}
 i - a potion of attraction {unknown}
 j - a potion of magic {unknown}
 k - a potion of lignification {unknown}
 n - a potion of haste {unknown}


   Skills:
 - Level 1.5 Dodging
 - Level 1.2 Stealth
 + Level 5.0 Spellcasting
 - Level 4.0 Necromancy


You had 6 spell levels left.
You knew the following spells:

 Your Spells              Type           Power      Damage    Failure   Level
a - Pain                  Necr           68%        1d7       2%          1
b - Vampiric Draining     Necr           8%         2d7       9%          3
c - Animate Dead          Necr           8%         N/A       26%         4

Your spell library contained the following spells:

 Spells                   Type           Power      Damage    Failure   Level
 Animate Skeleton         Necr           34%        N/A       2%          1
 Agony                    Necr           17%        N/A       58%         5


Dungeon Overview and Level Annotations

Branches:
Dungeon (3/15)

Altars:

Annotations:
D:3 Terence


Innate Abilities, Weirdness & Mutations

You are completely covered in rugged brown scales. (AC +3, +7% HP)
You have supernaturally acute eyesight. (SInv)
Armour fits poorly on your strangely shaped body.
You can roll at nearby foes to attack.
You have a long armoured tail.


Message History

Confirm with . or Enter, or press ? or * to list all spells.
Aiming: Pain (safe; 2% risk of failure)
Press: ? - help, Shift-Dir - straight line, f - Terence
Aim: Terence, wielding a +0 flail and wearing a +0 scale mail (chance to affect: 82%) Terence writhes in agony.
Casting: Pain (safe; 2% risk of failure)
Confirm with . or Enter, or press ? or * to list all spells.
Aiming: Pain (safe; 2% risk of failure)
Press: ? - help, Shift-Dir - straight line, f/p - Terence
Aim: Terence, wielding a +0 flail and wearing a +0 scale mail (lightly wounded, chance to affect: 82%) Terence writhes in agony.
Casting: Pain (safe; 2% risk of failure)
Confirm with . or Enter, or press ? or * to list all spells.
Aiming: Pain (safe; 2% risk of failure)
Press: ? - help, Shift-Dir - straight line, f/p - Terence
Aim: Terence, wielding a +0 flail and wearing a +0 scale mail (moderately wounded, chance to affect: 82%)
You miscast Pain.
You are very lightly contaminated with residual magic.
Nothing appears to happen.
You completely miss Terence.
Terence is moderately wounded.
Terence barely misses you.
You closely miss Terence.
Terence is moderately wounded.
Terence says, "Rest in peace."
Terence hits you with a +0 flail!
You hit Terence but do no damage.
You tail-slap Terence, but do no damage.
Terence is moderately wounded.
Terence hits you with a +0 flail.
Your magical contamination has completely faded away.
You hit Terence.
Terence is heavily wounded.
Terence hits you with a +0 flail!
You closely miss Terence.
Terence is heavily wounded.
Terence hits you with a +0 flail.
* * * LOW HITPOINT WARNING * * *
Terence hits you with a +0 flail!
You die...

#.####.......# #......#
#............# ####Z###
#..###.......# #.# ...#
######### ##.# #..### #..#
.....# #.## ###..##
#.########
...#..#############.......>.
.⌠.#.........#..@@Z.##.#.###
...#.#.#####.#.####.##.#. #
###..#.# #...# #.##.. .
≈......# #.### #.##.#.#
≈....#.# #[# #.##.#.###
###..#.#####.# ##.........
...#.........# #...#.####
.⌠.#..##...### #.###..#
...#..##...# #.# ##.########


You could see Terence and an adder skeleton.

Vanquished Creatures
  4 gnolls (D:3)
  4 adders
  A shadow imp (D:2)
  2 worms
  5 ball pythons
  6 endoplasms
  3 giant cockroaches
  4 goblins
  5 hobgoblins
  3 jackals (D:2)
  4 quokkas
  6 bats
  6 frilled lizards
  5 kobolds
  7 rats
65 creatures vanquished.

Notes
Turn   | Place    | Note
-------+----------+-------------------------------------------
     0 | D:1      | Shayle the Palentonga Necromancer began the quest for the
                  | Orb.
     0 | D:1      | Reached XP level 1. HP: 13/13 MP: 3/3
   311 | D:1      | Reached XP level 2. HP: 20/20 MP: 1/5
   729 | D:1      | Reached skill level 3 in Spellcasting
  1092 | D:1      | Found a faded altar of an unknown god.
  1287 | D:2      | Reached XP level 3. HP: 25/25 MP: 4/7
  1797 | D:2      | Reached skill level 4 in Spellcasting
  1891 | D:2      | Reached XP level 4. HP: 32/32 MP: 8/10
  1918 | D:2      | Learned a level 3 spell: Vampiric Draining
  1923 | D:2      | Learned a level 4 spell: Animate Dead
  2474 | D:3      | Noticed Terence
  2553 | D:3      | Reached XP level 5. HP: 30/37 MP: 10/12
  2685 | D:3      | Reached skill level 5 in Spellcasting
  2881 | D:3      | Slain by Terence

Illustrated notes

Levels and vault maps discovered:
D:1:      lightli_arrival_boilingwater, layout_basic,
          ebering_ecumenical_altar_hall
D:2:      layout_loops_cross
D:3:      layout_loops_cross, nemelex_dance_club_becter, grunt_ministairs_11,
          fountainhead, uniq_terence

Skill      XL: |  1  2  3  4  5 |
---------------+----------------+-----
Spellcasting   | 3 4 5 |  5.0
Dodging        | |  1.5
Stealth        | |  1.2
Necromancy     | |  4.0

Action                   |  1- 3 |  4- 6 || total
-------------------------+-------+-------++-------
Melee: Unarmed           |     3 |       ||     3
       Short sword       |    60 |    51 ||   111
       Tailslap          |     1 |     4 ||     5
 Cast: Pain              |    54 |    28 ||    82
       Vampiric Draining |       |     1 ||     1
 Abil: Rolling Charge    |     3 |     4 ||     7
Armor: Robe              |    31 |    11 ||    42
Dodge: Dodged            |    33 |    23 ||    56

Table legend: (Time is in decaauts)
 A = Elapsed time spent in this place.
 B = Non-inter-level travel time spent in this place.
 C = Inter-level travel time spent in this place.
 D = Time resting spent in this place.
 E = Time spent auto-exploring this place.
 F = Levels seen in this place.
 G = Mean time per level.
                   A        B        C        D        E       F      G
               +--------+--------+--------+--------+--------+-----+--------+
         Total |   2903 |   2872 |     31 |    463 |   1803 |   3 |  967.7 |
       Dungeon |   2903 |   2872 |     31 |    463 |   1803 |   3 |  967.7 |
               +--------+--------+--------+--------+--------+-----+--------+

Top non-repeatable levels by time:
     D:1: 1253 daAuts
     D:2: 969 daAuts
     D:3: 679 daAuts
